TOP OF THE 1ST |
Buckhead Bowties batting - Pitching for Oakland Oaks : RHP Nick Snyder
|
Pitching: RHP Nick Snyder
|
|
Batting: RHB Ron Jackson
|
0-0: Ball 1-0: Ball 2-0: Foul Ball, location: 2F 2-1: Foul Ball, location: 2F 2-2: Fly out, F8 (Flyball, 78D, EV 100.6 MPH)
|
Batting: LHB Phil Berry
|
0-0: Ball 1-0: Swinging Strike 1-1: Called Strike 1-2: Strikes out swinging
|
Batting: RHB Carlos Vélez
|
0-0: Swinging Strike 0-1: Ball 1-1: Ball 2-1: Swinging Strike 2-2: Ball 3-2: Base on Balls
|
Batting: LHB Marcus Simmons
|
0-0: Called Strike 0-1: Ball 1-1: Foul Ball, location: 2F 1-2: TRIPLE (Flyball, 89XD, EV 100.6 MPH) Carlos Vélez scores
|
Batting: LHB Ruff McGruffin
|
0-0: Ball 1-0: Ball 2-0: Ball 3-0: Called Strike 3-1: Base on Balls
|
Batting: SHB Dave Richards
|
0-0: Ball 1-0: SINGLE (Groundball, 6M, EV 111.2 MPH) Marcus Simmons scores Ruff McGruffin to second Runner from 2nd tries for 3rd, SAFE, no throw by CF
|
Batting: LHB Nelson Rivera
|
0-0: Called Strike 0-1: Foul Ball, location: 2F 0-2: Foul Ball, location: 2F 0-2: Foul Ball, location: 2F 0-2: Ball 1-2: Ground out 4-3 (Groundball, 34, EV 84.4 MPH)
|
Top of the 1st over - 2 runs, 2 hits, 0 errors, 2 left on base; Buckhead 2 - Oakland 0 |
BOTTOM OF THE 1ST |
Oakland Oaks batting - Pitching for Buckhead Bowties : RHP Elias Visscher
|
Pitching: RHP Elias Visscher
|
|
Batting: RHB Albert Devigorerrazuriz
|
0-0: Ball 1-0: Ground out 6-3 (Groundball, 6S, EV 85.0 MPH)
|
Batting: RHB Zhong-yan Zhang
|
0-0: Called Strike 0-1: Fly out, F7 (Flyball, 7S, EV 90.0 MPH)
|
Batting: LHB Daniel MacBrayne
|
0-0: Ground out 1-3 (Groundball, 34S, EV 68.1 MPH)
|
Bottom of the 1st over - 0 runs, 0 hits, 0 errors, 0 left on base; Buckhead 2 - Oakland 0 |
TOP OF THE 2ND |
Buckhead Bowties batting - Pitching for Oakland Oaks : RHP Nick Snyder
|
Batting: RHB Jimmy Lanyon
|
0-0: Ball 1-0: Called Strike 1-1: Foul Ball, location: 2F 1-2: Strikes out swinging
|
Batting: RHB Wayne Haylock
|
0-0: Swinging Strike 0-1: Fly out, F9 (Flyball, 9S, EV 78.8 MPH)
|
Batting: RHB Ron Jackson
|
0-0: Ball 1-0: Called Strike 1-1: Ground out 5-3 (Groundball, 56, EV 82.5 MPH)
|
Top of the 2nd over - 0 runs, 0 hits, 0 errors, 0 left on base; Buckhead 2 - Oakland 0 |
BOTTOM OF THE 2ND |
Oakland Oaks batting - Pitching for Buckhead Bowties : RHP Elias Visscher
|
Batting: LHB Tom Bleasdale
|
0-0: Ball 1-0: Ball 2-0: Called Strike 2-1: Ball 3-1: Base on Balls
|
Batting: RHB Roberto Berganza
|
0-0: Ball 1-0: Foul Ball, location: 2F 1-1: Ball 2-1: Ball 3-1: Called Strike 3-2: Foul Ball, location: 2F 3-2: Base on Balls Tom Bleasdale to second
|
Batting: RHB Jeremy Gaines
|
Balk! Tom Bleasdale to third Roberto Berganza to second 0-0: Called Strike 0-1: Foul Ball, location: 2F 0-2: Foul Ball, location: 2F 0-2: Ball 1-2: Strikes out swinging
|
Batting: LHB Alfredo Pliego
|
0-0: Ball 1-0: Swinging Strike 1-1: Ball 2-1: Foul Ball, location: 2F 2-2: Ball 3-2: Base on Balls
|
Batting: RHB Héctor Heredice
|
0-0: Called Strike 0-1: Ball Wild Pitch! Tom Bleasdale scores Roberto Berganza to third Alfredo Pliego to second 1-1: Foul Ball, location: 2F 1-2: Fly out, F6 (Line Drive, 6, EV 70.0 MPH)
|
Batting: RHB Raffaello Dichio
|
0-0: Called Strike 0-1: Ball 1-1: Ground out 6-3 (Groundball, 6MD, EV 84.4 MPH)
|
Bottom of the 2nd over - 1 run, 0 hits, 0 errors, 2 left on base; Buckhead 2 - Oakland 1 |
TOP OF THE 3RD |
Buckhead Bowties batting - Pitching for Oakland Oaks : RHP Nick Snyder
|
Batting: LHB Phil Berry
|
0-0: Called Strike 0-1: Called Strike 0-2: Ball 1-2: Strikes out swinging
|
Batting: RHB Carlos Vélez
|
0-0: Foul Ball, location: 2F 0-1: Swinging Strike 0-2: Strikes out swinging
|
Batting: LHB Marcus Simmons
|
0-0: Called Strike 0-1: Ball 1-1: Swinging Strike 1-2: Strikes out swinging
|
Top of the 3rd over - 0 runs, 0 hits, 0 errors, 0 left on base; Buckhead 2 - Oakland 1 |
BOTTOM OF THE 3RD |
Oakland Oaks batting - Pitching for Buckhead Bowties : RHP Elias Visscher
|
Batting: RHB Albert Devigorerrazuriz
|
0-0: Called Strike 0-1: Swinging Strike 0-2: Strikes out looking
|
Batting: RHB Zhong-yan Zhang
|
0-0: Foul Ball, location: 2F 0-1: Ball 1-1: Foul Ball, location: 2F 1-2: Foul Ball, location: 2F 1-2: Foul Ball, location: 2F 1-2: Ball 2-2: Foul Ball, location: 2F 2-2: Fly out, F3 (Flyball, 3D, EV 70.6 MPH)
|
Batting: LHB Daniel MacBrayne
|
0-0: Ball 1-0: Called Strike 1-1: SOLO HOME RUN (Flyball, 89XD, EV 105.6 MPH), Distance : 435 ft
|
Batting: LHB Tom Bleasdale
|
0-0: Ground out 6-3 (Groundball, 4, EV 102.5 MPH)
|
Bottom of the 3rd over - 1 run, 1 hit, 0 errors, 0 left on base; Buckhead 2 - Oakland 2 |
TOP OF THE 4TH |
Buckhead Bowties batting - Pitching for Oakland Oaks : RHP Nick Snyder
|
Batting: LHB Ruff McGruffin
|
0-0: Ball 1-0: Called Strike 1-1: Ball 2-1: Ball 3-1: Ground out 4-3 (Groundball, 4M, EV 100.6 MPH)
|
Batting: SHB Dave Richards
|
0-0: Ball 1-0: Called Strike 1-1: Ball 2-1: Foul Ball, location: 2F 2-2: SINGLE (Line Drive, 9S, EV 103.8 MPH)
|
Batting: LHB Nelson Rivera
|
0-0: Called Strike 0-1: Called Strike 0-2: Fly out, F8 (Flyball, 8LXD, EV 106.9 MPH)
|
Batting: RHB Jimmy Lanyon
|
0-0: Ball 1-0: Foul Ball, location: 2F 1-1: Foul Ball, location: 2F 1-2: Ball 2-2: Strikes out swinging
|
Top of the 4th over - 0 runs, 1 hit, 0 errors, 1 left on base; Buckhead 2 - Oakland 2 |
BOTTOM OF THE 4TH |
Oakland Oaks batting - Pitching for Buckhead Bowties : RHP Elias Visscher
|
Batting: RHB Roberto Berganza
|
0-0: Called Strike 0-1: Ball 1-1: Swinging Strike 1-2: Strikes out swinging
|
Batting: RHB Jeremy Gaines
|
0-0: Called Strike 0-1: Foul Ball, location: 2F 0-2: Ball 1-2: Ball 2-2: Fly out, F9 (Flyball, 89S, EV 89.4 MPH)
|
Batting: LHB Alfredo Pliego
|
0-0: Ball 1-0: Ball 2-0: Foul Ball, location: 2F 2-1: Ball 3-1: SINGLE (Line Drive, 7S, EV 98.1 MPH)
|
Batting: RHB Héctor Heredice
|
0-0: Ball 1-0: Ball 2-0: Ball 3-0: Base on Balls Alfredo Pliego to second
|
Batting: RHB Raffaello Dichio
|
0-0: Called Strike 0-1: Ball 1-1: Foul Ball, location: 2F 1-2: Fly out, F7 (Flyball, 7, EV 96.9 MPH)
|
Bottom of the 4th over - 0 runs, 1 hit, 0 errors, 2 left on base; Buckhead 2 - Oakland 2 |
TOP OF THE 5TH |
Buckhead Bowties batting - Pitching for Oakland Oaks : RHP Nick Snyder
|
Batting: RHB Wayne Haylock
|
0-0: Swinging Strike 0-1: Ball 1-1: Called Strike 1-2: Strikes out swinging
|
Batting: RHB Ron Jackson
|
0-0: Ball 1-0: Foul Ball, location: 2F 1-1: Ball 2-1: Ball 3-1: Foul Ball, location: 2F 3-2: Strikes out swinging
|
Batting: LHB Phil Berry
|
0-0: Called Strike 0-1: Ball 1-1: Ball 2-1: Ball 3-1: TRIPLE (Flyball, 89XD, EV 100.0 MPH)
|
Batting: RHB Carlos Vélez
|
0-0: Called Strike 0-1: Ball 1-1: SINGLE (Flyball, 9LS, EV 93.8 MPH) Phil Berry scores
|
Batting: LHB Marcus Simmons
|
0-0: Called Strike Carlos Vélez is caught stealing 2nd base 2-6
|
Top of the 5th over - 1 run, 2 hits, 0 errors, 0 left on base; Buckhead 3 - Oakland 2 |
BOTTOM OF THE 5TH |
Oakland Oaks batting - Pitching for Buckhead Bowties : RHP Elias Visscher
|
Batting: RHB Albert Devigorerrazuriz
|
0-0: Ball 1-0: Fly out, F6 (Flyball, 56D, EV 81.2 MPH)
|
Batting: RHB Zhong-yan Zhang
|
0-0: Called Strike 0-1: Ball 1-1: Ball 2-1: Fly out, F9 (Flyball, 9LM, EV 90.6 MPH)
|
Batting: LHB Daniel MacBrayne
|
0-0: Ball 1-0: Ball 2-0: Foul Ball, location: 2F 2-1: SOLO HOME RUN (Flyball, 9D, EV 96.2 MPH), Distance : 387 ft
|
Batting: LHB Tom Bleasdale
|
0-0: Called Strike 0-1: Ball 1-1: SINGLE (Line Drive, 7S, EV 100.6 MPH)
|
Batting: RHB Roberto Berganza
|
0-0: Called Strike 0-1: Ball 1-1: Ball 2-1: Ball 3-1: Base on Balls Tom Bleasdale to second
|
Batting: RHB Jeremy Gaines
|
0-0: Ball 1-0: Ball 2-0: Called Strike 2-1: Swinging Strike 2-2: Strikes out swinging
|
Bottom of the 5th over - 1 run, 2 hits, 0 errors, 2 left on base; Buckhead 3 - Oakland 3 |
TOP OF THE 6TH |
Buckhead Bowties batting - Pitching for Oakland Oaks : RHP Nick Snyder
|
Batting: LHB Marcus Simmons
|
0-0: Ball 1-0: Ball 2-0: Ground out 4-3 (Groundball, 4, EV 79.4 MPH)
|
Batting: LHB Ruff McGruffin
|
0-0: Called Strike 0-1: Ball 1-1: Swinging Strike 1-2: Strikes out swinging
|
Batting: SHB Dave Richards
|
0-0: Ball 1-0: Called Strike 1-1: Foul Ball, location: 2F 1-2: Ball 2-2: Strikes out swinging
|
Top of the 6th over - 0 runs, 0 hits, 0 errors, 0 left on base; Buckhead 3 - Oakland 3 |
BOTTOM OF THE 6TH |
Oakland Oaks batting - Pitching for Buckhead Bowties : RHP Elias Visscher
|
Batting: LHB Alfredo Pliego
|
0-0: Ball 1-0: Swinging Strike 1-1: Ball 2-1: Called Strike 2-2: Strikes out swinging
|
Pitching: LHP Inunnguaq Lovstrom
|
|
Batting: RHB Héctor Heredice
|
0-0: Ball 1-0: Foul Ball, location: 2F 1-1: Called Strike 1-2: Ball 2-2: Ball 3-2: Fly out, F8 (Flyball, 8RXD, EV 101.2 MPH)
|
Batting: RHB Raffaello Dichio
|
0-0: Called Strike 0-1: Fly out, F8 (Flyball, 8LD, EV 92.5 MPH)
|
Bottom of the 6th over - 0 runs, 0 hits, 0 errors, 0 left on base; Buckhead 3 - Oakland 3 |
TOP OF THE 7TH |
Buckhead Bowties batting - Pitching for Oakland Oaks : RHP Nick Snyder
|
Pitching: LHP Jimmy DeCourey
|
|
Batting: LHB Nelson Rivera
|
0-0: Foul Ball, location: 2F 0-1: Ball 1-1: Foul Ball, location: 2F 1-2: Ball 2-2: Ball 3-2: Base on Balls
|
Batting: RHB Jimmy Lanyon
|
0-0: Ball 1-0: Fielders Choice at 2nd, 5-4 (Groundball, 15, EV 80.6 MPH)
|
Batting: RHB Wayne Haylock
|
0-0: Swinging Strike 0-1: Ball 1-1: Ball 2-1: Foul Ball, location: 2F 2-2: Strikes out swinging
|
Batting: RHB Ron Jackson
|
0-0: Foul Ball, location: 2F 0-1: Foul Ball, location: 2F 0-2: Strikes out swinging
|
Top of the 7th over - 0 runs, 0 hits, 0 errors, 1 left on base; Buckhead 3 - Oakland 3 |
BOTTOM OF THE 7TH |
Oakland Oaks batting - Pitching for Buckhead Bowties : LHP Inunnguaq Lovstrom
|
Batting: RHB Albert Devigorerrazuriz
|
0-0: Ball 1-0: Ball 2-0: Called Strike 2-1: Ball 3-1: Foul Ball, location: 2F 3-2: Foul Ball, location: 2F 3-2: Base on Balls
|
Batting: RHB Zhong-yan Zhang
|
0-0: Ball 1-0: Ball 2-0: Sac Bunt to 2R - play at first, batter OUT! 2-4 Albert Devigorerrazuriz to second
|
Batting: LHB Daniel MacBrayne
|
0-0: Ball 1-0: Ball 2-0: Ball 3-0: Called Strike 3-1: Base on Balls
|
Batting: RHB John Johnson
|
0-0: Ball 1-0: Grounds into double play, 6-4-3 (Groundball, 6, EV 99.4 MPH)
|
Bottom of the 7th over - 0 runs, 0 hits, 0 errors, 1 left on base; Buckhead 3 - Oakland 3 |
TOP OF THE 8TH |
Buckhead Bowties batting - Pitching for Oakland Oaks : LHP Jimmy DeCourey
|
Batting: RHB Ramiro Castillo
|
0-0: Ball 1-0: Foul Ball, location: 2F 1-1: Called Strike 1-2: Ball 2-2: Foul Ball, location: 2F 2-2: Ball 3-2: Base on Balls
|
Batting: RHB Carlos Vélez
|
0-0: Ball 1-0: Foul Ball, location: 2F 1-1: Foul Ball, location: 2F 1-2: SINGLE (Groundball, 25, EV 68.1 MPH) (infield hit) Ramiro Castillo to second
|
Batting: LHB Marcus Simmons
|
0-0: SINGLE (Groundball, 4MD, EV 100.0 MPH) Ramiro Castillo to third Carlos Vélez to second
|
Batting: LHB Ruff McGruffin
|
0-0: Ball 1-0: Swinging Strike 1-1: Fly out, F7 (Flyball, 7LM, EV 88.8 MPH) Runner from 3rd tags up, OUT at HOME! 7-2 Carlos Vélez to third Marcus Simmons to second
|
Batting: SHB Dave Richards
|
0-0: Ball 1-0: Ball 2-0: Ball 3-0: Base on Balls
|
Pitching: RHP Juan Luis Matos
|
|
Batting: LHB Nelson Rivera
|
0-0: SINGLE (Flyball, 8LS, EV 88.8 MPH) Carlos Vélez scores Marcus Simmons to third Dave Richards to second Runner from 3rd tries for Home, SAFE, throw by CF to home
|
Batting: RHB Jimmy Lanyon
|
0-0: Ball 1-0: SINGLE (Line Drive, 89S, EV 94.4 MPH) Dave Richards to third Nelson Rivera to second Runner from 3rd tries for Home, throw by CF and OUT! 8-2
|
Top of the 8th over - 2 runs, 4 hits, 0 errors, 2 left on base; Buckhead 5 - Oakland 3 |
BOTTOM OF THE 8TH |
Oakland Oaks batting - Pitching for Buckhead Bowties : LHP Inunnguaq Lovstrom
|
Batting: RHB Roberto Berganza
|
0-0: Ball 1-0: Fly out, F8 (Flyball, 8RS, EV 90.6 MPH)
|
Batting: RHB Jeremy Gaines
|
0-0: Ball 1-0: Foul Ball, location: 2F 1-1: Called Strike 1-2: Ground out 3-1 (Groundball, 13, EV 83.8 MPH)
|
Batting: LHB Alfredo Pliego
|
0-0: Ball 1-0: Ball 2-0: Fly out, F9 (Line Drive, 9, EV 88.8 MPH)
|
Bottom of the 8th over - 0 runs, 0 hits, 0 errors, 0 left on base; Buckhead 5 - Oakland 3 |
TOP OF THE 9TH |
Buckhead Bowties batting - Pitching for Oakland Oaks : RHP Juan Luis Matos
|
Batting: RHB Wayne Haylock
|
0-0: Fly out, F6 (Popup, 15, EV 77.5 MPH)
|
Batting: RHB Ron Jackson
|
0-0: Ball 1-0: Ball 2-0: Called Strike 2-1: Swinging Strike 2-2: Strikes out swinging
|
Batting: LHB José Eiriz
|
0-0: Called Strike 0-1: Ball 1-1: Called Strike 1-2: Ball 2-2: Strikes out looking
|
Top of the 9th over - 0 runs, 0 hits, 0 errors, 0 left on base; Buckhead 5 - Oakland 3 |
BOTTOM OF THE 9TH |
Oakland Oaks batting - Pitching for Buckhead Bowties : LHP Inunnguaq Lovstrom
|
Pitching: RHP Marty McFly
|
|
Batting: RHB Héctor Heredice
|
0-0: Ball 1-0: Ball 2-0: Foul Ball, location: 2F 2-1: Ball 3-1: Base on Balls
|
Pinch Hitting: SHB Jae-woo Ohm
|
0-0: Ball 1-0: Grounds into double play, 4-6-3 (Groundball, 4, EV 83.8 MPH)
|
Batting: RHB Albert Devigorerrazuriz
|
0-0: Hit by Pitch
|
Batting: RHB Zhong-yan Zhang
|
0-0: SINGLE (Line Drive, 9LS, EV 92.5 MPH) Albert Devigorerrazuriz to second
|
Batting: LHB Daniel MacBrayne
|
0-0: Foul Ball, location: 2F 0-1: Foul Ball, location: 2F 0-2: Strikes out looking
|
Bottom of the 9th over - 0 runs, 1 hit, 0 errors, 2 left on base; Buckhead 5 - Oakland 3 |
|